 Dungeon Crawl Stone Soup version 0.21.1-1-g345015f (webtiles) character file.

653 shakethe the Firebug (level 7, 0/38 HPs)
             Began as a Tengu Fire Elementalist on Feb 9, 2018.
             Slain by an ogre
             ... wielding a +0 giant club
              (19 damage)
             ... on level 4 of the Dungeon.
             The game lasted 00:14:09 (4614 turns).

shakethe the Firebug (Tengu Fire Elementalist)      Turns: 4614, Time: 00:14:09

Health: 0/38       AC:  4    Str:  8    XL:     7   Next: 54%
Magic:  5/13       EV: 12    Int: 18    God:
Gold:   244        SH:  0    Dex: 14    Spells: 4/12 levels left

rFire    . . .     SeeInvis .   f - +0 spear
rCold    . . .     Gourm    .   (no shield)
rNeg     + . .     Faith    +   a - +0 robe
rPois    .         Spirit   .   (helmet restricted)
rElec    .         Reflect  .   d - +0 cloak
rCorr    .         Harm     .   n - +0 pair of gloves
MR       .....                  (boots unavailable)
Stlth    ++........             j - amulet of faith {Faith, !P}
HPRegen  0.12/turn              h - ring of positive energy {rN+}
MPRegen  0.13/turn              (no ring)

@: no status effects
A: beak, talons 3, able to fly 1
a: Fly


You were on level 4 of the Dungeon.
You were not hungry.

You visited 1 branch of the dungeon, and saw 4 of its levels.

You collected 244 gold pieces.

Inventory:

Hand Weapons
 f - a +0 spear (weapon)
   (You found it on level 1 of the Dungeon)
Armour
 a - a +0 robe (worn)
 d - a +0 cloak (worn)
   (You found it on level 1 of the Dungeon)
 n - a +0 pair of gloves (worn)
   (You found it on level 4 of the Dungeon)
Jewellery
 h - a ring of positive energy (left hand) {rN+}
   (You found it on level 1 of the Dungeon)
 j - an amulet of faith (around neck) {Faith, !P}
   (You found it on level 1 of the Dungeon)
Scrolls
 i - 2 scrolls of identify
 m - a scroll of teleportation
 q - 2 scrolls of fog {unknown}
 r - a scroll of remove curse {unknown}
 s - a scroll of enchant armour {unknown}
 t - a scroll of blinking {unknown}
Potions
 e - 4 potions of haste
 g - a potion of agility
 k - a potion of degeneration {!q}
 o - a potion of magic
 p - 3 potions of lignification {!q}
Books
 b - a book of Flames
Comestibles
 c - 8 rations
 l - a chunk of flesh {@w0}


   Skills:
 + Level 1.4 Fighting
 + Level 2.2 Polearms
 - Level 2.1 Dodging
 - Level 2.0 Stealth
 + Level 3.4 Spellcasting
 * Level 5.5 Conjurations
 * Level 6.5 Fire Magic


You had 4 spell levels left.
You knew the following spells:

 Your Spells              Type           Power        Failure   Level  Hunger
a - Flame Tongue          Conj/Fire      ###..        1%          1    None
c - Conjure Flame         Conj/Fire      ###.....     3%          3    ###....
s - Sticky Flame          Conj/Fire      ###.....     13%         4    ####...


Dungeon Overview and Level Annotations

Branches:
Dungeon (4/15)
 Temple: D:4-7

Altars:
Okawaru


Innate Abilities, Weirdness & Mutations

You have a beak for a mouth.
You have claws for feet.
You can fly.


Message History

You take 2 damage, and have 36/38 hp.
Aim: a water moccasin zombie (lightly damaged)
You miscast Sticky Flame.
You are very lightly contaminated with residual magic.
You have a brief vision of globes of primordial fire.
The water moccasin zombie bites you.
You take 2 damage, and have 34/38 hp.
You now have 8/13 mp.
Aim: a water moccasin zombie (lightly damaged)
You miscast Sticky Flame.
Lukewarm flames ripple over your body. The water moccasin zombie bites you.
You take 4 damage, and have 30/38 hp.
You now have 4/13 mp.
Aim: a water moccasin zombie (lightly damaged)
The sticky flame hits the water moccasin zombie.
The water moccasin zombie is covered in liquid flames!
The water moccasin zombie burns!
The water moccasin zombie bites you.
You take 3 damage, and have 27/38 hp.
You now have 0/13 mp.
The water moccasin zombie burns!
The water moccasin zombie bites you.
You take 6 damage, and have 21/38 hp.
The water moccasin zombie burns!
The water moccasin zombie burns!
The water moccasin zombie burns!
Aim: a water moccasin zombie (severely damaged, covered in liquid flames)
The flame tongue hits the water moccasin zombie.
The water moccasin zombie burns!
The water moccasin zombie barely misses you.
You now have 0/13 mp.
The water moccasin zombie burns!
You destroy the water moccasin zombie!
All of the chunks of flesh in your inventory have rotted away.
Okay, then.
A kobold comes into view. It is wielding a short sword.
A kobold is nearby!
A kobold is nearby!
You don't know that spell.
The kobold shouts!
Aim: a kobold, wielding a short sword The flame tongue hits the kobold.
You kill the kobold!
You now have 1/13 mp.
You start resting.
Your magical contamination has completely faded away.
You regained 4 hp, and now have 27/38 hp.
You regained 3 mp, and now have 4/13 mp.
You start resting.
You regained 6 hp, and now have 33/38 hp.
You regained 8 mp, and now have 12/13 mp.
The jackal barks!
You hear a shout!
You don't know that spell.
Aim: a jackal The flame tongue hits the jackal.
You kill the jackal!
You now have 11/13 mp.
You don't know that spell.
Memorise Conjure Flame, consuming 3 spell levels and leaving 4?
You start memorising the spell.
You continue memorising. x3
You finish memorising.
Spell assigned to 'c'.
c - 8 rations (gained 1) MP restored: 13 An orc comes into view.
It is wielding a mace.
You see here a jackal corpse.
You butcher the jackal corpse.
The orc moves out of view.
l - 2 chunks of flesh {@w0}
Aim: an orc, wielding a mace (hasn't noticed you)
The flame tongue hits the orc.
You kill the orc!
You now have 12/13 mp.
You are feeling hungry.
Found an iron altar of Okawaru.
Aim: a goblin, wielding a spear The flame tongue hits the goblin.
You kill the goblin!
The goblin shouts!
Aim: a goblin, wielding a spear The flame tongue hits the goblin.
You kill the goblin!
You now have 11/13 mp.
Health restored: 38 Eating one of 2 chunks of flesh {@w0}.
You eat one of the 2 chunks of flesh {@w0}.
Things that are here:
a mace; an orc corpse; MP restored: 13
i - 2 scrolls of identify (gained 1)
Things that are here:
a short sword; a kobold corpse An ogre comes into view.
It is wielding a giant club.
Aim: an ogre, wielding a giant club The sticky flame hits the ogre.
The ogre is covered in liquid flames!
The ogre burns!
The ogre hits you with a giant club!!
Ouch! That really hurt!
You take 19 damage, and have 19/38 hp.
MASSIVE DAMAGE!!
You now have 9/13 mp.
The ogre burns!
The ogre burns!
The ogre burns!
The ogre stops burning.
Aim: an ogre, wielding a giant club (severely wounded)
The sticky flame hits the ogre.
The ogre is covered in liquid flames!
The ogre burns!
The ogre hits you with a giant club!!
Ouch! That really hurt!
You die...

#.#.###.##..##.#
#.#.....##..##.#
#...........##รท##
###.####......... #.#
#.#.###.## #.# #.#.# #)#
#.####.#.###.#
#####............#
#.@............#.#
#########O##.####..#####.#
..........##.# #..#####.##
.###########.# #..........
#.# .######.## #.# #.# #.#
#.# #.# ... ...


You could see an ogre (burning).

Vanquished Creatures
  Sigmund (D:3)
  A phantom (D:4)
  An ogre (D:4)
  A water moccasin zombie (D:4)
  An orc wizard (D:3)
  An iguana (D:4)
  2 worker ants
  5 adders
  An ooze (D:3)
  4 worms
  A dart slug (D:1)
  2 leopard geckos
  8 orcs
  A ball python (D:2)
  11 bats
  2 giant cockroaches
  7 hobgoblins
  12 jackals
  A quokka (D:2)
  3 frilled lizards
  10 goblins
  13 kobolds
  10 rats
99 creatures vanquished.

Notes
Turn   | Place    | Note
-------+----------+-------------------------------------------
     0 | D:1      | shakethe the Tengu Fire Elementalist began the quest for the Orb.
     0 | D:1      | Reached XP level 1. HP: 10/10 MP: 4/4
   228 | D:1      | Reached XP level 2. HP: 10/15 MP: 1/6
   409 | D:1      | Reached skill level 4 in Fire Magic
   736 | D:1      | Reached skill level 2 in Conjurations
  1001 | D:2      | Reached XP level 3. HP: 17/19 MP: 5/7
  1615 | D:2      | Reached XP level 4. HP: 24/24 MP: 2/8
  1663 | D:2      | HP: 6/24 [poisoned by a worker ant]
  2344 | D:3      | Learned a level 4 spell: Sticky Flame
  2347 | D:3      | Noticed Sigmund
  2357 | D:4      | Reached skill level 1 in Polearms
  2359 | D:4      | HP: 6/24 [poisoned by an adder]
  2364 | D:4      | HP: 4/24 [poisoned by an adder]
  2613 | D:4      | Reached skill level 3 in Conjurations
  2692 | D:4      | Reached skill level 5 in Fire Magic
  2692 | D:4      | Gained mutation: You can fly. [Tengu growth]
  2692 | D:4      | Reached XP level 5. HP: 11/28 MP: 4/9
  2839 | D:4      | Noticed a phantom
  3376 | D:3      | Killed Sigmund
  3376 | D:3      | Reached skill level 1 in Fighting
  3376 | D:3      | Reached skill level 2 in Polearms
  3376 | D:3      | Reached skill level 4 in Conjurations
  3376 | D:3      | Reached XP level 6. HP: 34/34 MP: 4/11
  3913 | D:4      | Killed a phantom
  3913 | D:4      | Reached skill level 3 in Spellcasting
  3913 | D:4      | Reached skill level 6 in Fire Magic
  3913 | D:4      | Reached XP level 7. HP: 16/38 MP: 6/12
  4151 | D:4      | Reached skill level 5 in Conjurations
  4537 | D:4      | Learned a level 3 spell: Conjure Flame
  4558 | D:4      | Found an iron altar of Okawaru.
  4614 | D:4      | Slain by an ogre

Skill      XL: |  1  2  3  4  5  6  7 |
---------------+----------------------+-----
Fire Magic     | 4 5 6 |  6.5
Conjurations   | 2 3 4 5 |  5.5
Polearms       | 1 2 |  2.2
Fighting       | 1 |  1.4
Spellcasting   | 3 |  3.4
Dodging        | |  2.1
Stealth        | |  2.0

Action                   |  1- 3 |  4- 6 |  7- 9 || total
-------------------------+-------+-------+-------++-------
Melee: Spear             |    49 |    86 |     6 ||   141
       Kick              |     8 |    16 |     2 ||    26
       Unarmed           |     1 |       |       ||     1
       Peck              |     5 |    13 |       ||    18
 Cast: Flame Tongue      |    48 |    69 |    14 ||   131
       Sticky Flame      |       |     3 |     6 ||     9
  Use: Scroll            |       |     7 |       ||     7
       Potion            |       |     2 |       ||     2
 Stab: Sleeping          |     2 |       |       ||     2
       Distracted        |       |     1 |       ||     1
  Eat: Chunk             |     3 |     8 |     4 ||    15
Armor: Robe              |    16 |    24 |       ||    40
Dodge: Dodged            |    46 |    78 |    10 ||   134

Vault maps used:
D:1:      lemuel_arrival_funnel
D:3:      first_ration, uniq_sigmund
D:4:      minmay_misc_feat_roman, moated_statue, kennysheep_okawaru_gauntlet

Table legend:
 A = Turns spent in this place as a percentage of turns spent in the entire game.
 B = Non-inter-level travel turns spent in this place as a percentage of non-inter-level travel turns spent in the entire game.
 C = Inter-level travel turns spent in this place as a percentage of turns spent in this place.
 D = Turns resting spent in this place as a percentage of non-inter-level travel turns spent in this place.
 E = Turns spent auto-exploring this place as a percentage of non-inter-level travel turns spent in this place.
 F = Non-inter-level travel turns spent in this place divided by the number of levels of this place that you've seen.
                   A       B       C       D       E      F
               +-------+-------+-------+-------+-------+----------------------
         Total | 100.0 | 100.0 |   1.2 |  37.6 |  35.6 | 1139.8
       Dungeon | 100.0 | 100.0 |   1.2 |  37.6 |  35.6 | 1139.8
               +-------+-------+-------+-------+-------+----------------------

Table legend:
 A = Kills in this place as a percentage of kills in entire the game.
 B = Kills by you in this place as a percentage of kills by you in the entire game.
 C = Kills by friends in this place as a percentage of kills by friends in the entire game.
 D = Other kills in this place as a percentage of other kills in the entire game.
 E = Experience gained in this place as a percentage of experience gained in the entire game.
 F = Experience gained in this place divided by the number of levels of this place that you have seen.
                   A       B       C       D       E      F
               +-------+-------+-------+-------+-------+----------------------
         Total | 100.0 | 100.0 |   N/A |   N/A | 100.0 | 233.5
       Dungeon | 100.0 | 100.0 |   N/A |   N/A | 100.0 | 233.5
               +-------+-------+-------+-------+-------+----------------------
